 Dungeon Crawl Stone Soup version 0.19.5 (webtiles) character file.

8261 pimpchat the Carver (level 11, -5/97 HPs)
             Began as a Minotaur Monk on May 4, 2017.
             Was an Initiate of Gozag.
             Killed by mirror damage (6 damage)
             ... on level 10 of the Dungeon.
             The game lasted 01:16:53 (10357 turns).

pimpchat the Carver (Minotaur Monk)                Turns: 10357, Time: 01:16:54

Health: -5/97      AC: 20    Str: 16    XL:     11   Next: 7%
Magic:  10/10      EV: 18    Int:  7    God:    Gozag
Gold:   2673       SH:  0    Dex: 16    Spells: 0 memorised, 10 levels left

rFire  . . .     SeeInvis .     v - +2 long sword (protect)
rCold  . . .     Gourm    .     M - +0 scale mail
rNeg   . . .     Faith    .     (no shield)
rPois  .         Spirit   .     (helmet restricted)
rElec  .         Reflect  .     F - +1 cloak
rCorr  +         Harm     .     o - +2 pair of gloves
MR     .....                    (no boots)
Stlth  +.........               P - amulet of magic regeneration
                                A - ring of resist corrosion
                                i - +5 ring of evasion

@: gold aura, protection aura
A: retaliatory headbutt, horns 2
a: Potion Petition, Call Merchant, Bribe Branch, Renounce Religion


You were on level 10 of the Dungeon.
You worshipped Gozag.
Gozag was most pleased with you.
You were not hungry.

You visited 1 branch of the dungeon, and saw 11 of its levels.
You also visited: Sewer.

You collected 2673 gold pieces.

Inventory:

Hand Weapons
 a - a +1 falchion
 b - a +6 shortbow of flaming
 e - a +0 shortbow
 v - a +2 long sword of protection (weapon)
 H - a +0 scimitar
Missiles
 d - 181 arrows
 l - 58 bolts
 n - 82 sling bullets
Armour
 j - a +0 ring mail
 o - a +2 pair of gloves (worn)
 p - a +1 leather armour of cold resistance
 B - a +2 ring mail of poison resistance
 F - a +1 cloak (worn)
 I - a +0 buckler
 L - a +0 pair of gloves
 M - a +0 scale mail (worn)
 R - a +0 helmet
Jewellery
 i - a +5 ring of evasion (left hand)
 A - a ring of resist corrosion (right hand)
 G - an uncursed ring of flight {unknown}
 P - an amulet of magic regeneration (around neck)
Wands
 k - a wand of teleportation (4/9)
 y - a wand of confusion (30/48)
 K - a wand of flame (22/48)
 N - a wand of enslavement (16/24)
Scrolls
 t - 3 scrolls of magic mapping
 w - 2 scrolls of noise
 z - a scroll of fog
Potions
 f - 3 potions of heal wounds {unknown}
 q - 5 potions of curing {unknown}
 s - a potion of cancellation {unknown}
 x - a potion of brilliance {unknown}
 D - a potion of ambrosia {unknown}
 J - a potion of invisibility {unknown}
 S - 2 potions of agility {unknown}
Books
 C - a book of Air

   Spells                             Type                      Level
   a - Shock                          Conjuration/Air              1
   b - Swiftness                      Charms/Air                   2
   c - Repel Missiles                 Charms/Air                   2
   d - Static Discharge               Conjuration/Air              3
   e - Lightning Bolt                 Conjuration/Air              5
 E - a book of Cantrips

   Spells                             Type                      Level
   a - Confusing Touch                Hexes                        1
   b - Animate Skeleton               Necromancy                   1
   c - Summon Small Mammal            Summoning                    1
   d - Apportation                    Translocation                1
 O - a book of Flames

   Spells                             Type                      Level
   a - Flame Tongue                   Conjuration/Fire             1
   b - Throw Flame                    Conjuration/Fire             2
   c - Conjure Flame                  Conjuration/Fire             3
   d - Inner Flame                    Hexes/Fire                   3
   e - Sticky Flame                   Conjuration/Fire             4
   f - Fireball                       Conjuration/Fire             5
Comestibles
 c - 5 bread rations
 g - 7 beef jerkies
 h - 12 fruits
 m - 5 meat rations
 Q - 9 royal jellies


   Skills:
 + Level 9.5 Fighting
 + Level 10.5 Long Blades
 + Level 10.5 Bows
 + Level 7.6 Armour
 + Level 6.4 Dodging
 + Level 3.7 Stealth


You had 10 spell levels left.
You didn't know any spells.

Dungeon Overview and Level Annotations

Branches:
Dungeon (11/15)            Temple (0/1) D:7            Lair (0/6) D:10
    Orc (0/2) D:10

Altars:
Elyvilon
Gozag
Hepliaklqana
Makhleb
Qazlal
Ru
Uskayaw
Xom

Shops:
D:6 :


Innate Abilities, Weirdness & Mutations

You reflexively headbutt those who attack you in melee.
You have a pair of horns on your head.


Message History

The death knight is heavily wounded.
The death knight misses you. You furiously retaliate!
You headbutt the death knight, but do no damage.
You hit the death knight but do no damage.
You headbutt the death knight.
The death knight is severely wounded.
The death knight reflects your damage back at you!
* * * LOW HITPOINT WARNING * * *
You closely miss the death knight. Your headbutt misses the death knight.
The death knight is severely wounded.
The death knight barely misses you.
You slash the death knight!
The death knight is severely wounded.
The death knight reflects your damage back at you!
* * * LOW HITPOINT WARNING * * *
You slash the death knight!
The death knight is almost dead.
The death knight reflects your damage back at you!
You die...
Your body crumbles into a pile of gold.

....................###**,,,,,,,>
##.#####.#.##.#.#.###..,*****,,,,
....# #...........##..#,,**,,,,,,
..#.####..........#....,,,*,****,
.P...###.....#......#(#)*,,,* *,
♣....##.........#.#...Z.,,*** *,
...........#.#...Z##..#.,** **
...........#.#.p#####%.Z** **
..P..........#..@...####* *,
.P.♣........##.####.# *,
............####**#.# *,
.♣.###.#'#..#,,,,,#.##### *****,
...###......#,,,,,#.....# *,*,*,
............#,,∩,,#.....# *,,,,,
.##.###..)..#,,,,,#.....# *,#,#,
.##.###.....#,,,,,#.....# *.#.#.
##..........###+**##....####.....


You could see a death knight.

Vanquished Creatures
  Erolcha (D:9)
  A hill giant (D:10)
  An ugly thing (D:10)
  A troll (D:10)
  Grinder (D:5)
  The ghost of heyabaki the Cudgeler, an amateur TrBe of Trog (D:4)
  A basilisk (D:10)
  A hungry ghost (D:9)
  Edmund (D:5)
  Menkaure (D:5)
  2 soldier ants (D:9)
  A water moccasin (D:6)
  3 porcupines (D:10)
  A black bear (D:6)
  The ghost of ranter the Cudgeler, an amateur TrBe of Trog (D:3)
  2 orc warriors (D:10)
  A sky beast (D:9)
  6 ice beasts
  3 phantoms
  4 ogres
  7 centaurs
  2 crocodiles (D:10)
  4 bullfrogs
  A water moccasin skeleton (D:8)
  3 scorpions
  3 howler monkeys
  4 crimson imps
  3 bullfrog zombies
  A jelly (D:9)
  3 bullfrog skeletons
  3 centaur skeletons
  3 orc priests (D:10)
  A gnoll shaman (D:8)
  4 hounds
  8 iguanas
  3 orc wizards
  10 worker ants
  A killer bee zombie (D:8)
  A worker ant zombie (D:7)
  17 gnolls
  A howler monkey skeleton (D:4)
  20 adders
  5 river rats (D:10)
  2 shadow imps
  14 oozes
  An adder skeleton (D:7)
  A worm (D:5)
  A dart slug (D:2)
  16 leopard geckos
  23 orcs
  19 giant cockroaches
  8 hobgoblins
  11 jackals
  3 kobolds
  4 quokkas
  11 ball pythons
  3 bats
  22 frilled lizards
  A giant cockroach zombie (D:5)
  6 goblins
  A leopard gecko zombie (D:5)
  A quokka skeleton (D:6)
  A quokka zombie (D:5)
  9 rats
  A fungus (D:10)
  2 plants (D:10)
303 creatures vanquished.

Notes
Turn   | Place    | Note
-------+----------+-------------------------------------------
     0 | D:1      | pimpchat the Minotaur Monk began the quest for the Orb.
     0 | D:1      | Reached XP level 1. HP: 19/19 MP: 0/0
   573 | D:1      | Reached XP level 2. HP: 27/27 MP: 1/1
   832 | D:2      | Reached XP level 3. HP: 33/34 MP: 2/2
   991 | D:2      | Found an opulent altar of Gozag.
  1002 | D:2      | Became a worshipper of Gozag Ym Sagoz the Greedy
  1082 | D:2      | Reached XP level 4. HP: 37/41 MP: 3/3
  1176 | D:2      | Reached skill level 1 in Armour
  1522 | D:3      | Reached skill level 5 in Long Blades
  1815 | D:3      | Found a glowing drain.
  1826 | Sewer    | Entered a sewer
  1874 | Sewer    | Reached XP level 5. HP: 45/47 MP: 4/4
  2256 | Sewer    | Reached skill level 5 in Fighting
  2537 | Sewer    | Reached XP level 6. HP: 44/56 MP: 5/5
  2729 | D:3      | Noticed ranter's ghost (amateur TrBe)
  2749 | D:3      | Killed ranter's ghost
  3519 | D:4      | Reached XP level 7. HP: 59/61 MP: 6/6
  3533 | D:4      | Noticed heyabaki's ghost (amateur TrBe)
  3560 | D:4      | Killed heyabaki's ghost
  4066 | D:4      | Reached skill level 5 in Dodging
  4827 | D:5      | Entered Level 5 of the Dungeon
  4838 | D:4      | Reached skill level 5 in Armour
  4838 | D:4      | Reached XP level 8. HP: 50/71 MP: 7/7
  5098 | D:5      | Noticed Edmund
  5125 | D:5      | Killed Edmund
  5226 | D:5      | Noticed Menkaure
  5236 | D:5      | Killed Menkaure
  5430 | D:5      | Found a burning altar of Makhleb.
  5430 | D:5      | Found a sacrificial altar of Ru.
  5434 | D:5      | Found a hide-covered altar of Uskayaw.
  5674 | D:5      | Noticed Grinder
  5699 | D:5      | Paralysed by Grinder for 4 turns
  5710 | D:5      | Killed Grinder
  5710 | D:5      | Reached XP level 9. HP: 62/79 MP: 8/8
  6010 | D:6      | Found Wyhat's Book Emporium.
  6558 | D:6      | Found a shimmering altar of Xom.
  6664 | D:6      | Reached skill level 10 in Long Blades
  6712 | D:6      | Found a hazy altar of Hepliaklqana.
  6763 | D:6      | Reached skill level 1 in Bows
  7455 | D:7      | Found a staircase to the Ecumenical Temple.
  7571 | D:7      | Found a stormy altar of Qazlal.
  8219 | D:8      | Reached skill level 5 in Bows
  8661 | D:9      | Reached XP level 10. HP: 88/88 MP: 9/9
  8922 | D:9      | Found a white marble altar of Elyvilon.
  9027 | D:9      | Noticed Erolcha
  9035 | D:9      | Killed Erolcha
  9347 | D:10     | Entered Level 10 of the Dungeon
  9415 | D:10     | Noticed a hill giant
  9421 | D:10     | Killed a hill giant
  9474 | D:10     | Found a staircase to the Lair.
  9584 | D:10     | Noticed a cyan ugly thing
  9611 | D:10     | HP: 1/91 [cyan ugly thing (17)]
 10004 | D:10     | Reached skill level 10 in Bows
 10052 | D:10     | Killed a cyan ugly thing
 10052 | D:10     | Reached XP level 11. HP: 78/97 MP: 10/10
 10239 | D:10     | Found a staircase to the Orcish Mines.
 10318 | D:10     | Noticed a death knight
 10356 | D:10     | HP: 1/97 [mirror damage (8)]
 10357 | D:10     | Killed by mirror damage

Skill      XL: |  1  2  3  4  5  6  7  8  9 10 |
---------------+-------------------------------+-----
Fighting       | 4 5 6 7 8 9 |  9.5
Long Blades    | 4 5 6 7 9 10 | 10.5
Armour         | 1 3 5 6 7 |  7.6
Stealth        | 2 3 |  3.7
Dodging        | 4 5 6 |  6.4
Bows           | 5 10 | 10.5

Action                   |  1- 3 |  4- 6 |  7- 9 | 10-12 || total
-------------------------+-------+-------+-------+-------++-------
Melee: Falchion          |    66 |   233 |   269 |     9 ||   577
       Headbutt          |    10 |    36 |    78 |    23 ||   147
       Long sword        |       |       |    13 |    78 ||    91
       Shortbow          |       |       |       |     4 ||     4
 Fire: Shortbow          |       |       |   142 |   170 ||   312
Invok: Potion Petition   |       |       |     1 |       ||     1
  Use: Scroll            |       |     9 |    13 |    11 ||    33
       Potion            |       |       |       |     1 ||     1
 Stab: Distracted        |     2 |     1 |     1 |       ||     4
       Invisible         |       |       |     3 |       ||     3
  Eat: Bread ration      |       |     2 |     4 |     1 ||     7
       Beef jerky        |       |     1 |       |       ||     1
       Fruit             |       |       |     2 |       ||     2
Armor: Ring mail         |    12 |    94 |    81 |     6 ||   193
       Scale mail        |       |       |       |    36 ||    36
Dodge: Dodged            |    47 |   191 |   243 |   123 ||   604
       Rpst.: Falchion   |    14 |    48 |    47 |       ||   109
       Long sword        |       |       |     2 |     8 ||    10
